Map: Solaris LE

Players

ONSYDERyung (Ryung)

  • Race: Terran Terran
  • Spawn Location: 1:00

Classic - Winner!

  • Race: Protoss Protoss
  • Spawn Location: 7:00

VOD

Have the link to the VOD?

Description

Time

  • Played on: Dec. 27, 2023, 5:34 a.m.
  • Length: 14:41
Show
View Real Time Build Order
Export as new Build Order

ONSYDERyung Terran 

Build Orders: Cyclone Opening 

Get SALT Encoding   

  12  0:00  SCV  
  13  0:12  SCV  
  14  0:17  Supply Depot  
  14  0:24  SCV  
  14  0:27  Refinery  
  15  0:38  SCV  
  16  0:44  Barracks  
  16  0:50  SCV  
  17  1:02  SCV  
  18  1:14  SCV  
  19  1:19  Engineering Bay  
  19  1:33  Engineering Bay  
  19  1:34  Orbital Command  
  19  1:36  Marine  
  20  1:46  Factory  
  20  1:53  Supply Depot  
  20  1:59  SCV, Barracks Reactor  
  21  2:11  SCV  
  22  2:17  Command Center  
  22  2:23  SCV  
  22  2:29  Cyclone  
  25  2:35  Marine x2  
  27  2:37  Supply Depot  
  27  2:41  SCV  
  28  2:48  Barracks  
  28  2:53  SCV  
  29  3:05  SCV  
  29  3:09  Cyclone x2  
  33  3:13  Refinery  
  33  3:15  Barracks Tech Lab  
  33  3:17  SCV  
  34  3:27  Barracks  
  34  3:29  SCV  
  33  3:42  SCV  
  33  3:43  Stimpack  
  33  3:45  Marine  
  35  3:53  Orbital Command  
  35  3:54  SCV  
  34  4:02  Marine  
  35  4:06  SCV, Engineering Bay  
  36  4:16  Barracks Tech Lab  
  36  4:18  SCV  
  36  4:19  SCV  
  36  4:20  Marine  
  36  4:23  Marine  
  36  4:24  Marine  
  41  4:30  SCV  
  42  4:31  SCV, Terran Infantry Weapons Level 1  
  42  4:35  Supply Depot, Marine, Missile Turret  
  42  4:37  Combat Shield  
  44  4:38  Marine  
  44  4:41  Marine  
  44  4:42  SCV  
  44  4:43  SCV  
  48  4:46  Marine  
  49  4:53  Marine  
  49  4:54  SCV  
  49  4:55  SCV  
  49  4:56  Marine, Starport, Factory Reactor  
  49  4:58  Supply Depot  
  53  5:00  Marine  
  53  5:05  Marine  
  53  5:06  SCV  
  56  5:08  SCV  
  57  5:15  Refinery  
  57  5:19  SCV, Marine x3  
  57  5:20  SCV  
  62  5:23  Supply Depot, Marine  
  62  5:24  Supply Depot  
  63  5:31  SCV  
  63  5:32  SCV  
  65  5:42  Medivac x2  
  67  5:44  SCV x2  
  71  5:50  Marine x2  
  71  5:52  Marauder x2  
  71  5:56  Supply Depot, Factory Reactor  
  77  5:57  Supply Depot, SCV x2  
  79  6:08  Command Center  
  79  6:12  Marine x2  
  79  6:13  Concussive Shells  
  79  6:18  SCV x2  
  83  6:20  Medivac  
  83  6:21  Refinery  
  83  6:22  Medivac  
  87  6:32  Marine x2  
  87  6:33  Marauder x2  
  87  6:38  Terran Infantry Armor Level 1  
  93  6:43  SCV x2  
  93  6:44  Barracks  
  93  6:46  Barracks  
  95  6:58  Marine x2, Marauder x2  
  99  7:03  SCV x2  
  99  7:10  Widow Mine  
  99  7:11  Widow Mine  
  99  7:15  Medivac x2  
  102  7:19  Marine x2  
  102  7:22  Orbital Command  
  104  7:25  SCV x2, Marauder x2  
  110  7:31  Armory  
  110  7:34  Barracks Tech Lab, Engineering Bay, Barracks Reactor  
  110  7:37  SCV x2  
  112  7:48  Marine x2, Marauder x2  
  112  7:49  SCV x2  
  112  7:50  SCV  
  121  7:52  Supply Depot  
  121  7:53  Supply Depot  
  121  7:54  Supply Depot  
  121  7:55  Ghost Academy  
  123  7:58  Marauder  
  123  8:01  SCV  
  123  8:02  SCV  
  125  8:08  Refinery  
  125  8:09  Refinery  
  125  8:10  Supply Depot  
  125  8:14  SCV x3  
  128  8:20  Supply Depot  
  128  8:21  Terran Infantry Weapons Level 2  
  128  8:23  Medivac x2  
  132  8:27  Command Center  
  132  8:30  SCV x3  
  129  8:39  Terran Infantry Armor Level 2  
  127  8:42  SCV x3  
  130  8:49  Ghost x2  
  130  8:54  SCV x3  
  137  8:57  Marine x4  
  140  9:06  SCV x3  
  143  9:12  Medivac x2  
  143  9:13  Ghost  
  149  9:17  Barracks  
  149  9:18  SCV x3  
  149  9:20  Barracks x2  
  150  9:24  Widow Mine  
  150  9:25  Ghost, Widow Mine  
  150  9:30  SCV x2  
  150  9:31  SCV  
  158  9:33  Supply Depot  
  158  9:36  Ghost  
  158  9:37  Marine x2  
  158  9:38  Marine x2  
  164  9:42  Marauder  
  166  9:49  Planetary Fortress  
  166  9:50  SCV x2  
  166  9:51  SCV  
  166  9:54  Marauder  
  166  9:55  Viking x2  
  166  9:57  Widow Mine  
  174  10:03  Marauder  
  174  10:04  Marine x4  
  174  10:06  Barracks Tech Lab  
  174  10:07  Barracks Tech Lab  
  180  10:09  Barracks Reactor  
  180  10:11  Missile Turret  
  180  10:17  Missile Turret  
  180  10:18  SCV x3, Missile Turret  
  180  10:20  Sensor Tower  
  181  10:23  Marauder x2  
  181  10:25  Marine x3  
  188  10:36  Marauder  
  188  10:37  Terran Ship Weapons Level 1  
  190  10:44  Starport  
  190  10:45  Missile Turret  
  190  10:47  Command Center  
  190  10:53  Ghost x3  
  195  11:04  Terran Infantry Weapons Level 3  
  195  11:22  Refinery x2  
  195  11:23  Command Center  
  195  11:27  Marauder  
  195  11:28  Marauder x2  
  195  11:30  Marauder  
  189  11:35  Medivac x2  
  192  11:40  Marine x4  
  196  11:51  Factory Reactor  
  196  11:53  Fusion Core  
  196  11:54  Starport  
  196  11:55  Marine  
  196  12:00  Marine x2  
  196  12:01  Marine x4  
  185  12:02  Marine x3  
  185  12:03  Liberator x2  
  185  12:04  Liberator  
  167  12:10  Ghost  
  165  12:25  Marine x4  
  165  12:26  Marine x2  
  165  12:27  Ghost x2  
  175  12:42  Orbital Command  
  175  12:45  Command Center  
  175  12:46  Marine x4  
  175  12:47  Marine x2  
  175  12:49  Command Center  
  181  12:55  Advanced Ballistics  
  181  12:56  Missile Turret  
  181  12:57  Liberator x2  
  181  12:58  Liberator  
  190  13:06  Planetary Fortress  
  190  13:09  Marauder x3  
  193  13:26  Liberator x3  
  197  13:31  Refinery  
  197  13:32  Refinery  
  196  14:02  Marine x6  
  162  14:04  Marine, Marauder x3  
  149  14:20  Marine x4  
Show
View Real Time Build Order
Export as new Build Order

Classic Protoss - Winner!

Build Orders: Phoenix Opening, Carriers, Colossus Rush 

Get SALT Encoding   

  12  0:00  Probe  
  13  0:12  Probe  
  14  0:17  Pylon  
  14  0:24  Probe (Chrono Boost)  
  15  0:36  Probe (Chrono Boost)  
  15  0:37  Gateway  
  16  0:44  Probe (Chrono Boost)  
  16  0:47  Assimilator  
  17  0:50  Probe  
  18  1:03  Probe  
  19  1:15  Probe  
  20  1:25  Cybernetics Core  
  20  1:27  Probe  
  21  1:37  Pylon  
  22  1:47  Nexus  
  21  1:51  Probe  
  22  1:56  Assimilator  
  22  2:00  Adept (Chrono Boost)  
  22  2:05  Probe  
  25  2:18  Probe  
  25  2:22  Adept  
  28  2:30  Probe  
  28  2:31  Stargate  
  29  2:42  Probe  
  30  2:45  Warp Gate  
  30  2:47  Pylon  
  30  2:56  Probe (Chrono Boost)  
  30  2:58  Stalker, Probe (Chrono Boost)  
  34  3:08  Probe (Chrono Boost)  
  34  3:09  Probe (Chrono Boost)  
  34  3:10  Shield Battery  
  36  3:13  Probe (Chrono Boost)  
  36  3:14  Probe (Chrono Boost)  
  36  3:19  Phoenix (Chrono Boost)  
  40  3:23  Probe  
  40  3:25  Probe  
  42  3:36  Probe  
  42  3:37  Probe  
  42  3:38  Phoenix (Chrono Boost)  
  44  3:48  Robotics Facility, Probe  
  45  3:49  Probe  
  46  3:56  Assimilator, Pylon  
  46  3:57  Assimilator  
  46  4:00  Gateway  
  46  4:03  Probe  
  46  4:04  Probe  
  48  4:11  Phoenix  
  48  4:15  Pylon  
  48  4:16  Probe x2 (Chrono Boost)  
  53  4:25  Probe x2 (Chrono Boost)  
  53  4:30  Probe x2 (Chrono Boost)  
  54  4:35  Robotics Bay  
  54  4:36  Immortal  
  60  4:45  Pylon  
  60  4:47  Sentry  
  62  4:55  Nexus  
  62  5:01  Sentry  
  62  5:05  Shield Battery  
  64  5:12  Probe x2  
  66  5:19  Pylon, Colossus (Chrono Boost)  
  66  5:24  Probe x2  
  74  5:31  Zealot, Sentry  
  78  5:37  Probe x2, Pylon  
  80  5:49  Probe x2  
  82  5:53  Pylon  
  82  5:58  Colossus (Chrono Boost)  
  82  6:01  Probe x2  
  90  6:08  Extended Thermal Lance, Probe  
  90  6:09  Forge, Twilight Council  
  90  6:10  Pylon  
  91  6:15  Probe x2  
  91  6:17  Zealot x2  
  97  6:20  Probe  
  98  6:27  Probe x2  
  98  6:28  Shield Battery  
  98  6:32  Probe  
  101  6:37  Gateway  
  101  6:39  Gateway, Colossus  
  106  6:55  Stalker x2  
  110  7:07  Pylon, Probe x3  
  113  7:09  Pylon  
  113  7:14  Charge  
  113  7:19  Probe x3  
  116  7:23  Pylon  
  116  7:26  Gateway  
  116  7:27  Gateway, Phoenix  
  118  7:34  Assimilator  
  118  7:35  Assimilator  
  118  7:36  Zealot x2  
  125  7:39  Warp Prism (Chrono Boost)  
  125  7:43  Pylon  
  124  7:44  Pylon  
  124  7:46  Zealot  
  124  7:47  Zealot  
  128  7:54  Fleet Beacon  
  128  7:55  Stargate  
  128  8:01  Pylon  
  128  8:11  Observer (Chrono Boost)  
  129  8:13  Protoss Air Weapons Level 1  
  129  8:19  Zealot x3  
  134  8:20  Zealot x2  
  134  8:22  Pylon  
  134  8:23  Probe x3  
  142  8:27  Observer (Chrono Boost)  
  140  8:44  Carrier (Chrono Boost)  
  153  8:49  Observer  
  153  8:54  Pylon, Carrier (Chrono Boost)  
  153  8:55  Blink  
  153  8:56  Pylon  
  153  9:00  Pylon  
  151  9:06  Forge  
  141  9:16  Forge  
  147  9:17  Mothership (Chrono Boost)  
  147  9:20  Nexus  
  147  9:23  Disruptor (Chrono Boost)  
  151  9:38  Carrier (Chrono Boost)  
  151  9:41  Zealot x3  
  151  9:42  Zealot x3  
  168  9:50  Pylon, Carrier (Chrono Boost)  
  162  9:56  Shield Battery  
  162  9:59  Protoss Ground Weapons Level 1  
  158  10:02  Probe x2  
  158  10:03  Protoss Shields Level 1  
  158  10:11  Disruptor (Chrono Boost)  
  158  10:14  Probe  
  163  10:21  Zealot x4  
  171  10:33  Probe x4  
  171  10:35  Assimilator  
  175  10:36  Assimilator  
  175  10:40  Carrier (Chrono Boost)  
  175  10:45  Protoss Air Weapons Level 2 (Chrono Boost)  
  175  10:47  Cybernetics Core  
  181  10:51  Probe x4  
  185  10:58  Carrier (Chrono Boost)  
  187  11:19  Stalker x6  
  199  11:29  Observer  
  185  11:32  Disruptor  
  187  11:42  Stalker x4  
  187  11:43  Stalker x2  
  199  12:00  Carrier  
  190  12:04  Carrier  
  184  12:11  Protoss Ground Weapons Level 2  
  184  12:13  Stalker x6  
  192  12:17  Warp Prism (Chrono Boost)  
  194  12:37  Mothership (Chrono Boost)  
  194  12:40  Pylon  
  194  12:43  Gateway  
  194  12:44  Gateway  
  194  12:46  Protoss Air Armor Level 1 (Chrono Boost)  
  194  12:48  Nexus  
  194  12:50  Pylon  
  194  12:56  Observer (Chrono Boost)  
  195  12:59  Templar Archives  
  195  13:05  Unknown  
  195  13:12  Stalker x2  
  199  13:30  Nexus  
  199  13:31  Pylon  
  199  13:36  Photon Cannon  
  199  13:42  Photon Cannon  
  199  13:44  Robotics Facility  
  197  13:58  Stargate  
  185  14:03  Zealot x4  
  185  14:04  Zealot x4  
Tags
 
Add a new tag
Caveats
  • Supply blocks, unpowered buildings, or Contaminate may cause inaccurate times.
  • Supply counts are checked every 10 seconds.